 Dungeon Crawl Stone Soup version 0.26.1-11-gd32895ea62 (webtiles) character file.

Game seed: 11984109168568357082

65 vvl the Slasher (level 4, -3/35 HPs)
             Began as a Human Monk on June 2, 2021.
             Slain by a gnoll
             ... wielding a +0 spear
              (5 damage)
             ... on level 2 of the Dungeon.
             The game lasted 00:03:20 (1129 turns).

vvl the Slasher (Human Monk)                        Turns: 1129, Time: 00:03:21

Health: -3/35      AC:  3    Str: 12    XL:     4   Next: 35%
Magic:  4/4        EV: 13    Int: 11    God:
Gold:   84         SH:  0    Dex: 15    Spells: 3/3 levels left

rFire    . . .     SeeInvis .   m - +1 dagger (drain)
rCold    . . .     Faith    .   (no shield)
rNeg     . . .     Spirit   .   d - +0 leather armour
rPois    .         Reflect  .   (no helmet)
rElec    .         Harm     .   (no cloak)
rCorr    .         Rampage  .   (no gloves)
Will     .....                  (no boots)
Stlth    ++........             (no amulet)
HPRegen  0.11/turn              (no ring)
MPRegen  0.09/turn              (no ring)

@: no status effects
A: no striking features
a: no special abilities


You were on level 2 of the Dungeon.
You visited 1 branch of the dungeon, and saw 2 of its levels.

You collected 84 gold pieces.

Inventory:

Hand Weapons
 a - a +0 falchion
 m - a +1 dagger of draining (weapon)
Missiles
 l - 4 javelins (quivered)
Armour
 d - a +0 leather armour (worn)
Jewellery
 n - a cursed ring of attention {unknown}
Scrolls
 b - 3 scrolls of amnesia {unknown}
 c - 2 scrolls of remove curse {unknown}
 h - a scroll of identify {unknown}
 i - a scroll of random uselessness {unknown}
 j - 2 scrolls of teleportation {unknown}
 o - a scroll of magic mapping {unknown}
Potions
 e - a potion of mutation {unknown}
 f - a potion of curing
 g - 2 potions of might {unknown}
 k - a potion of cancellation {unknown}


   Skills:
 + Level 3.2 Fighting
 * Level 3.5 Long Blades
 + Level 0.8 Throwing
 * Level 1.6 Armour
 - Level 3.0 Dodging
 - Level 2.0 Stealth
 + Level 1.2 Necromancy
 + Level 0.9 Evocations


You had 3 spell levels left.
You didn't know any spells.
Your spell library was empty.

Dungeon Overview and Level Annotations

Branches:
Dungeon (2/15)

Altars:


Message History

The gnoll is almost dead.
The gnoll closely misses you.
The gnoll hits you from afar with a +0 spear.
You hit the gnoll.
You kill the gnoll!
The gnoll hits you from afar with a +0 spear!
* * * LOW HITPOINT WARNING * * *
The gnoll hits you with a +0 spear.
* * * LOW HITPOINT WARNING * * *
Things that are here:
a +0 club; a +0 club; a gnoll corpse You hit the gnoll.
The gnoll is lightly wounded.
The gnoll barely misses you.
You hit the gnoll but do no damage. You drain the gnoll.
The gnoll is moderately wounded.
You hit the gnoll.
The gnoll is heavily wounded.
The gnoll hits you with a +0 spear.
You die...

###.#####...)...#
##.##.##.#
#.##..........#
#.....##.#
###.##.#####...##
#..#####.# )......#
#...# #†.......#
.##.##.# #...#
#†######## .##...)#
#...# #.#
.#####.#####.#)# #.#
.#####.......#.####.#
.......#.##....g@...#
########.###.#.######
#.##....# #.......#
####...## #...# #...#
#...#
#####...#######.


You could see a gnoll (drained).

Vanquished Creatures
  A gnoll (D:2)
  3 adders (D:2)
  A leopard gecko (D:1)
  3 bats (D:1)
  2 goblins (D:1)
  9 hobgoblins
  A jackal (D:1)
  2 frilled lizards
  3 kobolds
  2 rats (D:1)
27 creatures vanquished.

Notes
Turn   | Place    | Note
-------+----------+-------------------------------------------
     0 | D:1      | vvl the Human Monk began the quest for the Orb.
     0 | D:1      | Reached XP level 1. HP: 18/18 MP: 1/1
   166 | D:1      | Reached XP level 2. HP: 22/24 MP: 2/2
   686 | D:2      | Reached skill level 1 in Armour
   686 | D:2      | Reached XP level 3. HP: 29/29 MP: 3/3
   808 | D:2      | Reached skill level 1 in Necromancy
   808 | D:2      | Reached XP level 4. HP: 19/35 MP: 4/4
  1129 | D:2      | Slain by a gnoll

Illustrated notes

Levels and vault maps discovered:
D:1:      evilmike_arrival_come_back, layout_rooms,
          ebering_dispersal_statue_hall, minmay_pentomino_q2
D:2:      layout_loops_cross, st_stairs_5, uniq_jessica

Skill      XL: |  1  2  3 |
---------------+----------+-----
Armour         | 1 |  1.6
Necromancy     | 1 |  1.2
Fighting       | |  3.2
Long Blades    | |  3.5
Throwing       | |  0.8
Dodging        | |  3.0
Stealth        | |  2.0
Evocations     | |  0.9

Action                   |  1- 3 |  4- 6 || total
-------------------------+-------+-------++-------
Melee: Falchion          |    27 |       ||    27
       Dagger            |    47 |    29 ||    76
 Stab: Sleeping          |     1 |     1 ||     2
Armor: Leather armour    |    17 |     3 ||    20
Dodge: Dodged            |    56 |    18 ||    74
       Rpst.: Falchion   |     8 |       ||     8
